 Dungeon Crawl Stone Soup version 0.27.0-1-g7a089689b8 (webtiles) character file.

Game seed: 1188959460438987060

145602 sasquatch the Fencer (level 16, 0/133 HPs)
             Began as a Demonspawn Berserker on Aug 3, 2021.
             Was a High Priest of Trog.
             Blown up by an orb spider (23 damage)
             ... with an orb of destruction
             ... on level 4 of the Spider Nest.
             The game lasted 01:16:57 (33325 turns).

sasquatch the Fencer (Demonspawn Berserker)        Turns: 33325, Time: 01:16:59

Health: 0/133      AC: 27    Str: 30    XL:     16   Next: 87%
Magic:  5/5        EV: 14    Int:  9    God:    Trog [*****.]
Gold:   1560       SH:  0    Dex: 13    Spells: 15/15 levels left

rFire    + + .     SeeInvis .   q - +6 demon blade (antimagic)
rCold    + + .     Faith    +   (no shield)
rNeg     + . .     Spirit   .   t - +1 plate armour {rC+}
rPois    +         Reflect  .   M - +2 helmet
rElec    .         Harm     .   R - +0 cloak {rCorr}
rCorr    +         Rampage  +   r - +0 pair of gloves of the Butcher {rPois}
Will     +++..                  (boots unavailable)
Stlth    ..........             l - amulet "Guih Mir" {Faith Rampage rC+}
HPRegen  1.32/turn              J - ring of Xech {rF+ Str+6}
MPRegen  0.09/turn              a - ring "Biezouc" {rPois rF+ rN+}

@: strong-willed (expiring), on berserk cooldown, regenerating (expiring),
hasted and slowed
A: talons 3, slimy green scales 2, demonic guardian 2, spiny 2, bedeviling
a: Renounce Religion, Berserk, Trog's Hand, Brothers in Arms


You were on level 4 of the Spider Nest.
You worshipped Trog.
Trog was extremely pleased with you.
You visited 5 branches of the dungeon, and saw 28 of its levels.
You also visited: Gauntlet and Ice Cave.

You collected 2700 gold pieces.
You spent 1140 gold pieces at shops.

Inventory:

Hand Weapons
 q - a +6 antimagic demon blade (weapon)
 v - a +2 spectral double sword
 z - a +7 antimagic triple sword
 B - a +4 scimitar of flaming
Missiles
 s - 10 silver javelins
 U - a throwing net (quivered)
 Z - 19 javelins
Armour
 r - the +0 pair of gloves of the Butcher (worn) {rPois}
   (You found it in a Gauntlet)

   rPois:     It protects you from poison.
 t - a +1 plate armour of cold resistance (worn)
 M - a +2 helmet (worn)
 R - a +0 cloak of preservation (worn)
 T - the +3 leather armour of Utonaif {-Cast rElec rC++}
   (You found it on level 1 of the Lair of Beasts)

   rC:        It greatly protects you from cold.
   rElec:     It insulates you from electricity.
   -Cast:     It prevents spellcasting.
Jewellery
 a - the ring "Biezouc" (right hand) {rPois rF+ rN+}
   (You found it in a Gauntlet)

   [ring of protection from fire]

   rF:        It protects you from fire.
   rPois:     It protects you from poison.
   rN:        It protects you from negative energy.
 l - the amulet "Guih Mir" (around neck) {Faith Rampage rC+}
   (You found it in a Gauntlet)

   [amulet of faith]

   It allows you to gain divine favour quickly.
   rC:        It protects you from cold.
   Rampage:   It bestows one free step when moving towards enemies.
 E - a ring of flight
 J - the ring of Xech (left hand) {rF+ Str+6}
   (You took it off a minotaur in a Gauntlet)

   [ring of strength]

   Str:       It affects your strength (+6).
   rF:        It protects you from fire.
Wands
 d - a wand of flame (19)
 i - a wand of iceblast (8)
 p - a wand of acid (22)
 F - a wand of digging (10)
 O - a wand of polymorph (17)
 Q - a wand of mindburst (18)
Scrolls
 g - 5 scrolls of vulnerability
 h - 3 scrolls of enchant armour
 j - 4 scrolls of blinking
 u - 2 scrolls of immolation
 x - 7 scrolls of teleportation
 y - 2 scrolls of fear
 D - 5 scrolls of fog
 I - a scroll of silence
 Y - 9 scrolls of identify
Potions
 c - a potion of heal wounds
 e - 7 potions of lignification
 f - 2 potions of invisibility
 k - 3 potions of berserk rage
 m - a potion of resistance
 n - 3 potions of attraction
 o - 3 potions of mutation
 w - 2 potions of ambrosia
 A - 2 potions of haste
 G - 12 potions of curing
 H - a potion of flight
 P - 4 potions of cancellation
 X - a potion of magic
Miscellaneous
 K - a condenser vane
 L - a phantom mirror
 V - a lightning rod (4/4)


   Skills:
 - Level 14.0 Fighting
 + Level 17.6 Long Blades
 - Level 14.0 Armour
 - Level 14.0 Dodging


You had 15 spell levels left.
You didn't know any spells.
Your spell library was empty.

Dungeon Overview and Level Annotations

Branches:
Dungeon (15/15)            Temple (0/1) D:7            Lair (6/6) D:10
 Shoals (1/4) Lair:4       Spider (4/4) Lair:4        Slime (0/5) Lair:5
    Orc (2/2) D:11            Elf (0/3) Orc:2        Vaults (0/5) D:13
 Depths (0/5) D:15          IceCv (visited)         Gauntlet (visited)

Altars:
Ashenzari
Dithmenos
Elyvilon
Gozag
Kikubaaqudgha
Makhleb
Nemelex Xobeh
Ru
Sif Muna
Vehumet
Beogh
Jiyva

Shops:
D:4 !   D:7 *   D:10 :   Orc:1 [[   Orc:2 (!::

Annotations:
D:11 exclusion: door
Lair:6 2 runed translucent doors
Spider:4 Bai Suzhen, Donald


Innate Abilities, Weirdness & Mutations

You have claws for feet.
You are mostly covered in slimy green scales. (AC +3)
A demonic guardian rushes to your aid.
You are mostly covered in sharp spines.
Your hexes are more powerful.


Message History

A wolf spider comes into view.
The wolf spider hisses angrily.
The orb spider spins a strand of pure energy.
An emperor scorpion comes into view.
The wolf spider hits you but does no damage.
The wolf spider bites you.
* * * LOW HITPOINT WARNING * * *
Donald moves out of view.
Found 22 gold pieces.
You feel much better.
The wolf spider is struck by your spines.
The wolf spider hits you but does no damage.
The wolf spider bites you.
The wolf spider is struck by your spines.
The wolf spider hits you!
* * * LOW HITPOINT WARNING * * *
The wolf spider bites you.
* * * LOW HITPOINT WARNING * * *
You feel yourself speed up. The wolf spider misses you.
You riposte.
You slice the wolf spider!! You claw the wolf spider.
The wolf spider is almost dead.
The wolf spider closely misses you.
The orb spider weaves a glowing orb of energy.
The wolf spider closely misses you.
The wolf spider bites you but does no damage.
An orb of destruction comes into view.
You feel the effects of Trog's Hand fading.
The wolf spider hits you!
* * * LOW HITPOINT WARNING * * *
The wolf spider bites you but does no damage.
A boulder beetle comes into view.
The emperor scorpion stings you but does no damage.
The emperor scorpion claws you but does no damage.
The emperor scorpion claws you.
* * * LOW HITPOINT WARNING * * *
A demonic guardian appears!
The wolf spider hits you.
* * * LOW HITPOINT WARNING * * *
The wolf spider bites you but does no damage.
The orb of destruction hits you!!
You die...

.. ...##
...#^#
B....^###
........#
........## #
.......ss##^.#
#.@.^...#
#.○.$...#
#..3○....^#
....s......##
..........###
..........#
.....#.....
............


You could see an emperor scorpion, a boulder beetle, a wolf spider, an orb
spider (ally target) and a friendly sun demon (summoned, wandering).

Vanquished Creatures
  Jorgrun (D:11)
  Rupert (D:13)
  Kirke (D:13)
  Roxanne (D:14)
  A fire giant (D:13)
  An emperor scorpion (Spider:2)
  A ghost moth (Spider:2)
  2 spark wasps
  2 entropy weavers (Spider:1)
  An ettin (D:15)
  A blizzard demon (Gauntlet)
  Snorg (D:14)
  Harold (D:8)
  2 boulder beetles
  6 hydras
  2 vault guards (D:13)
  An ogre mage (Orc:2)
  2 merfolk avatars (Shoals:1)
  3 catoblepae
  4 two-headed ogres
  10 death yaks
  8 centaur warriors
  3 tengu warriors
  Urug (D:13)
  A hell knight (D:15)
  Nergalle (Lair:3)
  A sea snake (Shoals:1)
  4 wizards
  An obsidian statue (Gauntlet)
  A deep elf zephyrmancer (D:13)
  A lindwurm (Lair:6)
  An orc knight (D:15)
  10 orb spiders
  A necromancer (D:15)
  3 deep elf pyromancers
  14 wolf spiders
  10 orc sorcerers
  7 fauns (Shoals:1)
  14 elephants
  3 cyclopes
  3 manticores
  15 ugly things
  A moth of wrath (Spider:2)
  7 black mambas
  2 ice statues (IceCv)
  A smoke demon (Gauntlet)
  3 merfolk sirens
  2 gargoyles (D:12)
  2 molten gargoyles (Lair:6)
  15 komodo dragons
  Maggie (D:7)
  Psyche (D:8)
  A freezing wraith (D:15)
  8 cane toads
  An efreet (D:14)
  An ice devil (Gauntlet)
  A tengu conjurer (D:15)
  10 jumping spiders
  A red devil (Gauntlet)
  7 demonic crawlers
  4 polar bears (Lair:3)
  2 merfolk (Lair:4)
  3 trolls
  3 meliai
  15 slime creatures
  17 hornets
  14 blink frogs
  4 dream sheep (Lair:5)
  39 redbacks
  7 fire bats (D:13)
  A wraith (D:12)
  15 tarantellas
  2 shadows
  6 wyverns
  47 yaks
  2 basilisks
  3 hogs (D:13)
  8 humans (D:13)
  2 death yak simulacra
  2 steam dragons
  2 wargs
  An acid dragon (D:12)
  18 orc warriors
  11 water moccasins
  4 hell hounds (Lair:6)
  2 ice beasts
  4 ogres
  2 black bears
  4 boggarts (D:10)
  7 wolves
  16 centaurs
  A phantom (D:6)
  A kobold brigand (D:9)
  10 bullfrogs
  A wyvern zombie (D:8)
  2 scorpions (D:6)
  A cane toad simulacrum (IceCv)
  A two-headed ogre simulacrum (D:13)
  9 killer bees
  4 wights (D:6)
  3 howler monkeys
  4 crimson imps (Gauntlet)
  2 bullfrog zombies
  6 lava snakes
  6 centaur zombies
  3 centaur skeletons
  6 orc priests
  A hound (D:7)
  2 gnoll shamans
  Terence (D:3)
  An iguana (D:7)
  30 orc wizards
  A troll simulacrum (D:13)
  A polar bear simulacrum (IceCv)
  2 spriggan simulacra (D:13)
  A killer bee zombie (D:8)
  A wolf simulacrum (IceCv)
  A centaur simulacrum (D:9)
  A spectral howler monkey (D:10)
  A howler monkey zombie (D:7)
  12 gnolls
  2 howler monkey skeletons
  8 adders
  3 naga simulacra (D:13)
  2 white imps
  3 worms
  An adder skeleton (D:4)
  A dart slug (D:2)
  66 orcs
  7 bats
  5 endoplasms
  5 giant cockroaches
  3 goblins
  4 hobgoblins
  12 jackals
  3 quokkas
  6 ball pythons
  2 frilled lizards
  12 kobolds
  4 rats
745 creatures vanquished.

Vanquished Creatures (collateral kills)
  Asterion (Spider:3)
  A minotaur (Gauntlet)
  A boulder beetle (D:14)
  Erolcha (Orc:1)
  A tengu warrior (D:15)
  A lindwurm (Lair:6)
  4 orb spiders
  A torpor snail (Lair:3)
  A komodo dragon (Lair:3)
  A jumping spider (Spider:1)
  A merfolk (Lair:4)
  A blink frog (Lair:3)
  2 slime creatures (D:12)
  3 redbacks (Spider:1)
  A tarantella (Spider:1)
  An ice beast (D:7)
  2 centaurs (D:14)
  2 orc wizards (D:3)
26 creatures vanquished.

Vanquished Creatures (others)
  A vault guard (D:13)
  An ugly thing (IceCv)
  An unseen horror (D:13)
  A blink frog (Lair:3)
  A human (D:13)
  A quokka (D:15)
  A bush (Lair:2)
  74 fungi
  82 plants
  A withered plant (Gauntlet)
164 creatures vanquished.

Grand Total: 935 creatures vanquished

Notes
Turn   | Place    | Note
-------+----------+-------------------------------------------
     0 | D:1      | sasquatch the Demonspawn Berserker began the quest for the
                  | Orb.
     0 | D:1      | Reached XP level 1. HP: 18/18 MP: 1/1
    27 | D:1      | Reached skill level 3 in Long Blades
   216 | D:1      | Gained mutation: You have sharp toenails. [demonic
                  | ancestry]
   216 | D:1      | Reached XP level 2. HP: 21/24 MP: 2/2
   698 | D:1      | Reached ** piety under Trog
   830 | D:2      | Reached skill level 4 in Long Blades
   830 | D:2      | Gained mutation: You are partially covered in slimy green
                  | scales. (AC +2) [demonic ancestry]
   830 | D:2      | Reached XP level 3. HP: 29/29 MP: 3/3
   952 | D:2      | Gained mutation: A weak demonic guardian rushes to your
                  | aid. [demonic ancestry]
   952 | D:2      | Reached XP level 4. HP: 28/35 MP: 4/4
  1232 | D:2      | Reached skill level 5 in Long Blades
  1929 | D:3      | Reached *** piety under Trog
  1955 | D:3      | Gained mutation: You are mostly covered in slimy green
                  | scales. (AC +3) [demonic ancestry]
  1955 | D:3      | Reached XP level 5. HP: 36/41 MP: 5/5
  2213 | D:3      | Noticed Terence
  2220 | D:3      | Killed Terence
  2342 | D:3      | Found a shadowy altar of Dithmenos.
  2370 | D:3      | Reached skill level 6 in Long Blades
  2636 | D:4      | Found Daucihe's Distillery.
  2684 | D:4      | Reached XP level 6. HP: 47/47 MP: 6/6
  3047 | D:4      | Found a broken altar of Ashenzari.
  3335 | D:5      | Entered Level 5 of the Dungeon
  3335 | D:5      | Found a shimmering blue altar of Sif Muna.
  3524 | D:5      | Found a burning altar of Makhleb.
  3534 | D:5      | Reached skill level 7 in Long Blades
  3626 | D:5      | Reached XP level 7. HP: 52/52 MP: 7/7
  3656 | D:5      | Found a sparkling altar of Nemelex Xobeh.
  4237 | D:6      | Reached skill level 8 in Long Blades
  4677 | D:6      | Reached skill level 9 in Long Blades
  4677 | D:6      | Reached XP level 8. HP: 58/58 MP: 8/8
  5368 | D:7      | Noticed Maggie
  5389 | D:7      | Killed Maggie
  5390 | D:7      | Reached skill level 10 in Long Blades
  5483 | D:7      | Found a staircase to the Ecumenical Temple.
  5790 | D:7      | Found Fingutag's Fabulous Fripperies.
  6418 | D:7      | Noticed a hornet
  6422 | D:7      | Killed a hornet
  6423 | D:7      | Reached skill level 11 in Long Blades
  6423 | D:7      | Gained mutation: You have razor-sharp toenails. [demonic
                  | ancestry]
  6423 | D:7      | Reached XP level 9. HP: 63/63 MP: 9/9
  6731 | D:8      | Reached **** piety under Trog
  7088 | D:8      | Noticed Harold
  7572 | D:8      | Noticed a two-headed ogre
  7577 | D:8      | Killed a two-headed ogre
  7578 | D:8      | Reached skill level 12 in Long Blades
  7980 | D:8      | Noticed Psyche
  7989 | D:8      | Killed Psyche
  7990 | D:8      | Reached skill level 13 in Long Blades
  7990 | D:8      | Reached XP level 10. HP: 70/70 MP: 10/10
  8095 | D:8      | Killed Harold
  8336 | D:9      | Noticed a tengu warrior
  8339 | D:9      | Noticed a centaur warrior
  8356 | D:10     | Entered Level 10 of the Dungeon
  8750 | D:11     | Noticed a manticore
  8798 | D:11     | Noticed a two-headed ogre
  8805 | D:11     | Killed a two-headed ogre
  8806 | D:11     | Reached skill level 14 in Long Blades
  8936 | D:11     | Reached ***** piety under Trog
  9032 | D:11     | Found a staircase to the Orcish Mines.
  9040 | D:10     | Found Hustum's Book Shop.
  9164 | D:9      | Killed a centaur warrior
  9223 | D:9      | Noticed a two-headed ogre
  9230 | D:9      | Killed a two-headed ogre
  9428 | D:9      | Noticed a white ugly thing
  9437 | D:9      | Killed a white ugly thing
  9438 | D:9      | Reached skill level 15 in Long Blades
  9438 | D:9      | Gained mutation: You are partially covered in sharp spines.
                  | [demonic ancestry]
  9438 | D:9      | Reached XP level 11. HP: 75/75 MP: 7/11
  9575 | D:9      | Killed a tengu warrior
  9970 | D:9      | Found Lebbuhuc's Antique Weapon Shoppe.
 10240 | D:10     | Found a staircase to the Lair.
 10672 | D:10     | Found a sacrificial altar of Ru.
 10698 | D:10     | Noticed a brown ugly thing
 10705 | D:10     | Killed a brown ugly thing
 10922 | D:10     | Found a sacrificial altar of Ru.
 11002 | Lair:1   | Entered Level 1 of the Lair of Beasts
 11166 | Lair:1   | Reached skill level 16 in Long Blades
 12269 | Lair:1   | Identified the +3 leather armour of Utonaif {-Cast rElec
                  | rC++}
 12405 | Lair:2   | Reached skill level 5 in Fighting
 12667 | Lair:2   | Reached skill level 5 in Armour
 12667 | Lair:2   | Gained mutation: You are mostly covered in sharp spines.
                  | [demonic ancestry]
 12667 | Lair:2   | Reached XP level 12. HP: 79/88 MP: 10/12
 13283 | Lair:2   | Noticed a five-headed hydra
 13291 | Lair:2   | Killed a two-headed hydra
 13859 | Lair:3   | Noticed Nergalle
 13871 | Lair:3   | Killed Nergalle
 14036 | Lair:3   | Noticed a five-headed hydra
 14044 | Lair:3   | Killed a three-headed hydra
 14330 | Lair:3   | Received a gift from Trog
 14567 | Lair:3   | Noticed a catoblepas
 14597 | Lair:3   | Killed a catoblepas
 15470 | Lair:4   | Noticed an eight-headed hydra
 15484 | Lair:4   | Killed a five-headed hydra
 15485 | Lair:4   | Gained mutation: A demonic guardian rushes to your aid.
                  | [demonic ancestry]
 15485 | Lair:4   | Reached XP level 13. HP: 87/102 MP: 13/13
 15750 | Lair:4   | Found a hole to the Spider Nest.
 15783 | Lair:4   | Reached skill level 10 in Fighting
 16550 | Lair:4   | Found a staircase to the Shoals.
 17147 | Lair:5   | Received a gift from Trog
 17148 | Lair:5   | Reached skill level 10 in Armour
 17264 | Lair:5   | Found a viscous altar of Jiyva.
 17264 | Lair:5   | Found a staircase to the Slime Pits.
 18163 | Lair:6   | Entered Level 6 of the Lair of Beasts
 18238 | Lair:6   | Reached XP level 14. HP: 108/115 MP: 14/14
 19918 | Lair:6   | Reached ****** piety under Trog
 20241 | Lair:6   | Found a large runed translucent door.
 20241 | Lair:6   | Found a large runed translucent door.
 21078 | D:12     | Noticed Jorgrun
 21093 | D:11     | Killed Jorgrun
 22130 | Orc:1    | Entered Level 1 of the Orcish Mines
 22229 | Orc:1    | Found Nill's Antique Armour Shop.
 22238 | Orc:1    | Received a gift from Trog
 22278 | Orc:1    | Noticed Erolcha
 22303 | Orc:1    | Killed Erolcha
 22500 | Orc:1    | Found Pauceh's Armour Shop.
 22736 | Orc:2    | Entered Level 2 of the Orcish Mines
 22737 | Orc:2    | Found a staircase to the Elven Halls.
 22997 | Orc:2    | Paralysed by an orc sorcerer for 5 turns
 23215 | Orc:2    | Found a gate leading to a gauntlet.
 23225 | Gauntlet | Entered a Gauntlet
 23225 | Gauntlet | Found a transporter.
 23225 | Gauntlet | Found a transporter.
 23229 | Gauntlet | Found a transporter.
 23231 | Gauntlet | Found a transporter.
 23236 | Gauntlet | Found a transporter.
 23237 | Gauntlet | Noticed a cacodemon
 23261 | Gauntlet | Found a transporter.
 23265 | Gauntlet | Found a transporter.
 23265 | Gauntlet | Found a transporter.
 23268 | Gauntlet | Found a transporter.
 23298 | Gauntlet | Found a transporter.
 23321 | Gauntlet | Found a transporter.
 23381 | Gauntlet | Identified the +0 pair of gloves of the Butcher {rPois}
 23397 | Gauntlet | Found a transporter.
 23444 | Gauntlet | Identified the ring "Biezouc" {rPois rF+ rN+}
 23469 | Gauntlet | Found a transporter.
 23475 | Gauntlet | Found a transporter.
 23540 | Gauntlet | Identified the ring of the Nightingale {Ice +Blink rCorr
                  | Int+4 Slay-3}
 23570 | Gauntlet | Identified the +0 kite shield "Rulirir" {rC+ Will+++ rCorr
                  | Str-2}
 23570 | Gauntlet | Identified the ring of Xech {rF+ Str+6}
 23571 | Gauntlet | Identified a scroll of acquirement
 23607 | Gauntlet | Identified the amulet "Guih Mir" {Faith Rampage rC+}
 23925 | Orc:2    | Found an ancient bone altar of Kikubaaqudgha.
 23929 | Orc:2    | Found Wyuhaeq's Antique Weapon Emporium.
 23948 | Orc:2    | Found a radiant altar of Vehumet.
 23952 | Orc:2    | Received a gift from Trog
 24006 | Orc:2    | Acquired a manual of Dodging
 24351 | Orc:2    | Found Diycrunk's Distillery.
 24358 | Orc:2    | Found Uwuumn's Book Shoppe.
 24364 | Orc:2    | Paralysed by an orc sorcerer for 5 turns
 24374 | Orc:2    | Found Xanu's Book Shoppe.
 24483 | Orc:2    | Bought a potion of curing for 42 gold pieces
 24483 | Orc:2    | Bought a potion of heal wounds for 70 gold pieces
 24483 | Orc:2    | Bought a potion of curing for 42 gold pieces
 24483 | Orc:2    | Bought a potion of haste for 140 gold pieces
 24483 | Orc:2    | Bought a potion of cancellation for 112 gold pieces
 24483 | Orc:2    | Bought 2 potions of curing for 84 gold pieces
 24568 | Orc:1    | Bought a runed plate armour for 650 gold pieces
 24672 | D:13     | Gained mutation: Your hexes are more powerful. [demonic
                  | ancestry]
 24672 | D:13     | Reached XP level 15. HP: 105/126 MP: 5/15
 25017 | D:13     | Found a frozen archway.
 25050 | IceCv    | Entered an ice cave
 25051 | IceCv    | Found a transporter.
 25126 | IceCv    | Found a transporter.
 25272 | D:13     | Identified the ring "Ocwam" {*Slow rF+ Will+ Int+4}
 25292 | D:13     | Noticed Rupert
 25299 | D:13     | Killed Rupert
 25373 | D:13     | Noticed a fire giant
 25390 | D:13     | Killed a fire giant
 25700 | D:13     | Noticed Kirke
 25719 | D:13     | Killed Kirke
 25778 | D:13     | Noticed Urug
 25784 | D:13     | Killed Urug
 25814 | D:13     | Reached skill level 5 in Dodging
 26061 | D:13     | Received a gift from Trog
 26247 | D:13     | Found a gate to the Vaults.
 26356 | D:14     | Found an opulent altar of Gozag.
 26779 | D:14     | Identified Roxanne's Compendium of Clay
 26779 | D:14     | Noticed Roxanne
 26796 | D:14     | Killed Roxanne
 27056 | D:14     | Noticed Snorg
 27067 | D:14     | Killed Snorg
 27068 | D:14     | Reached skill level 10 in Dodging
 27567 | D:15     | Entered Level 15 of the Dungeon
 28137 | D:15     | Received a gift from Trog
 28755 | D:15     | Found a staircase to the Depths.
 29117 | Shoals:1 | Entered Level 1 of the Shoals
 29130 | Shoals:1 | Gained mutation: You have claws for feet. [demonic
                  | ancestry]
 29130 | Shoals:1 | Reached XP level 16. HP: 120/133 MP: 5/16
 29613 | Spider:1 | Entered Level 1 of the Spider Nest
 30207 | Spider:1 | Received a gift from Trog
 31825 | Spider:2 | Reached skill level 17 in Long Blades
 32275 | Spider:2 | Received a gift from Trog
 32772 | Spider:3 | Noticed Asterion
 33306 | Spider:3 | Killed Asterion
 33307 | Spider:4 | Entered Level 4 of the Spider Nest
 33320 | Spider:4 | Noticed Bai Suzhen
 33322 | Spider:4 | Noticed Donald
 33325 | Spider:4 | Blown up by an orb spider

Illustrated notes

Levels and vault maps discovered:
D:1:      amcnicky_arrival_gap_in_the_tavern_cellar, layout_basic,
          shapermc_ecumenical_altar_gd, minmay_pentomino_u4
D:2:      layout_rooms, st_stairs_10, chequers_serial_rivers_micro_c
D:3:      layout_rooms, nicolae_dithmenos_through_a_glass_darkly,
          serial_corexii_hall, corexii_hall_statues_s, corexii_hall_statues_u,
          uniq_terence
D:4:      layout_gridville, ashenzari_altar_1, serial_shops, shop
D:5:      layout_rooms, mainiacjoe_overflow_chevrons,
          mainiacjoe_overflow_catch_the_wave
D:6:      layout_loops_ring
D:7:      layout_loops_corners, minmay_temple_entry_mini_moons, serial_undead,
          serial_undead_a, serial_undead_f, serial_undead_e, serial_undead_f,
          nicolae_alphabet_shops, uniq_maggie
D:8:      layout_basic, minmay_circle_x, uniq_harold, uniq_psyche
D:9:      layout_rooms, serial_shops, nicolae_lakefront_shop, minmay_radiant
D:10:     layout_small_grid, nicolae_ru_path_of_blood, david_lair_shrubbed,
          hangedman_weighted_door, kennysheep_flooded_box, nicolae_stop_n_shop_2
D:11:     layout_irregular_city, hiddenorc1_lemuel
D:12:     layout_big_octagon, uniq_jorgrun
D:13:     minmay_firetagon, layout_irregular_city, ximxim_vaults_locker_room,
          portal_ice_cave_entry_ice_simulacra, bh_hangedman_babel_library,
          uniq_kirke, uniq_rupert, uniq_urug
D:14:     layout_rooms, serial_glass, glass_columns_b, glass_columns_a,
          glass_columns_a, glass_columns_c, glass_columns_a, glass_columns_a,
          grunt_gozag_statues, uniq_snorg, uniq_roxanne
D:15:     hangedman_depths_entry_civil_slaughter, layout_rooms, elyvilon_altar_4
Lair:1:   layout_roguey, serial_bayou_shore_b
Lair:2:   layout_loops_ring, serial_bayou_shore_a
Lair:3:   layout_loops_ring, cheibrodos_lair_lostbears, uniq_nergalle
Lair:4:   layout_misc_corridors, elwin_shoals_entry_stream,
          spider_nest_entry_web_field, infiniplex_staircase_pool_2
Lair:5:   layout_regular_city, dpeg_slime_entry_enclosed_altar,
          serial_bayou_shore_b
Lair:6:   cheibrodos_lair_end_hotspot, layout_cave_pods
Shoals:1: layout_shoals, nicolae_shoals_lost_giant_hut, abandoned_shop,
          lemuel_oklob_altar
Spider:1: layout_spider_delve, nicolae_spider_paper_wasps,
          hangedman_spider_tarantella_strand
Spider:2: layout_chambers, lemuel_hornet_nest
Spider:3: layout_spider_delve, uniq_asterion
Spider:4: guppyfry_spider_rune, uniq_bai_suzhen, uniq_donald
Orc:1:    layout_diamond_mine, serial_shops, nicolae_shop_trees,
          nicolae_square_shop, uniq_erolcha
Orc:2:    kennysheep_orc_mage_school, layout_diamond_mine,
          gauntlet_entry_generic, statue_in_the_mist_lemuel,
          nicolae_orc_lost_temple

Skill      XL: |  1  2  3  4  5  6  7  8  9 10 11 12 13 14 15 16 |
---------------+-------------------------------------------------+-----
Long Blades    | 3 4 5 6 7 9 11 13 15 16 17 | 17.6
Armour         | 5 8 11 13 14 | 14.0
Fighting       | 6 9 12 14 | 14.0
Dodging        | 13 14 | 14.0

Action                   |  1- 3 |  4- 6 |  7- 9 | 10-12 | 13-15 | 16-18 || total
-------------------------+-------+-------+-------+-------+-------+-------++-------
Melee: Falchion          |    65 |   162 |    13 |       |       |       ||   240
       Kick              |    14 |    44 |    64 |   196 |   144 |   149 ||   611
       Long sword        |       |       |   119 |    14 |    16 |       ||   149
       Scimitar          |       |       |    59 |   458 |   534 |       ||  1051
       Dagger            |       |       |    32 |    13 |       |       ||    45
       Demon blade       |       |       |       |       |   636 |   381 ||  1017
Throw: Dart              |       |       |       |       |     8 |       ||     8
Invok: Berserk           |     2 |     8 |    10 |    14 |    19 |     2 ||    55
       Trog's Hand       |       |     1 |     1 |       |     5 |     3 ||    10
       Brothers in Arms  |       |       |       |       |     6 |     2 ||     8
Evoke: Wand              |       |       |       |     1 |     1 |       ||     2
  Use: Potion            |       |     1 |       |       |     3 |     6 ||    10
       Scroll            |       |       |    16 |    10 |     9 |     6 ||    41
 Stab: Sleeping          |     3 |       |       |       |       |       ||     3
       Petrified         |       |       |       |     2 |       |       ||     2
       Distracted        |       |       |       |       |     1 |       ||     1
Armor: Animal skin       |    19 |       |       |       |       |       ||    19
       Ring mail         |     4 |    80 |    84 |    90 |       |       ||   258
       Scale mail        |       |       |       |   119 |   226 |       ||   345
       Plate armour      |       |       |       |       |   195 |   256 ||   451
Dodge: Dodged            |    58 |   106 |   118 |   256 |   405 |   181 ||  1124
Block: Other             |       |       |       |    16 |   113 |       ||   129
       Reflection        |       |       |       |       |     3 |       ||     3
       Rpst.: Falchion   |    22 |    38 |     2 |       |       |       ||    62
       Long sword        |       |       |    16 |     1 |     1 |       ||    18
       Scimitar          |       |       |     4 |    56 |    53 |       ||   113
       Demon blade       |       |       |       |       |    37 |    40 ||    77
